 Dungeon Crawl Stone Soup version 0.18.1-50-g88ac8fd (webtiles) character file.

160 turokix the Cudgeler (level 5, 31/42 HPs)
             Began as a Demonspawn Berserker on Sept 27, 2016.
             Was a Believer of Trog.
             Quit the game on level 3 of the Dungeon.
             The game lasted 00:04:54 (1079 turns).

turokix the Cudgeler (Demonspawn Berserker)         Turns: 1079, Time: 00:04:55

Health: 31/42      AC: 12    Str: 19    XL:     5   Next: 17%
Magic:  5/5        EV: 12    Int:  8    God:    Trog [**....]
Gold:   177        SH:  0    Dex: 12    Spells: 0 memorised, 4 levels left

rFire  . . .     SeeInvis .     a - +0 mace
rCold  . . .     Gourm    .     i - +0 ring mail
rNeg   . . .     Faith    .     (no shield)
rPois  +         Spirit   .     q - +0 helmet
rElec  .         Dismiss  .     (no cloak)
rCorr  .         Reflect  .     p - +1 pair of gloves
SustAt .         Harm     .     (no boots)
MR     .....                    (no amulet)
Stlth  +++.......               t - ring of stealth
                                l - ring of poison resistance

@: exhausted, slowed, very slow, not resistant to hostile enchantments, fairly
stealthy
A: iridescent scales 1, nightstalker 1, powered by death 1
a: Berserk, Trog's Hand, Burn Spellbooks, Renounce Religion


You were on level 3 of the Dungeon.
You worshipped Trog.
Trog was pleased with you.
You were hungry.

You visited 1 branch of the dungeon, and saw 3 of its levels.

You collected 177 gold pieces.

Inventory:

Hand Weapons
 a - a +0 mace (weapon)
Armour
 i - a +0 ring mail (worn)
 p - a +1 pair of gloves (worn)
 q - a +0 helmet (worn)
Jewellery
 l - a ring of poison resistance (left hand)
 t - a ring of stealth (right hand)
Scrolls
 e - a scroll of immolation
 f - 3 scrolls of identify
 g - 3 scrolls of magic mapping {unknown}
 k - a scroll of fog {unknown}
 m - a scroll of fear {unknown}
 o - 2 scrolls of teleportation {unknown}
 r - a scroll of remove curse {unknown}
 u - a scroll of recharging {unknown}
Potions
 h - a potion of invisibility
 j - 2 potions of curing
 n - a potion of brilliance
Comestibles
 b - a meat ration
 c - a bread ration
 d - 5 chunks of flesh
 s - a beef jerky


   Skills:
 + Level 3.7 Fighting
 * Level 3.8 Maces & Flails
 + Level 2.6 Armour
 + Level 2.9 Dodging


You had 4 spell levels left.
You didn't know any spells.

Dungeon Overview and Level Annotations

Branches:
Dungeon (3/15)

Altars:
Nemelex Xobeh
Ru


Innate Abilities, Weirdness & Mutations

You are partially covered in iridescent scales (AC +4).
You are slightly more attuned to the shadows.
You regenerate a little health from kills.


Message History

You hit smoot's ghost.
You destroy smoot's ghost!
You have reached level 5!
Your demonic ancestry asserts itself...
You slip into the darkness of the dungeon.
The goblin closely misses you.
You sock the goblin!
You kill the goblin!
Trog accepts your kill.
No target in view!
Things that are here:
a club; a goblin corpse You butcher the goblin corpse.
You enjoyed that.
d - 5 chunks of flesh (gained 2)
You see here a club.
You are no longer berserk.
You are exhausted.
You feel yourself slow down.
You are feeling hungry.
Are you sure you want to abandon this character and quit the game? (Confirm with "yes".)

# .#######.## #
#..≈≈≈..#.##.#
..≈...≈..#.#.#
..≈._.≈@..#..
..≈...≈..#.#.#
#..≈≈≈..#.##.#
..#######.###.#
#.......## #.#
##.##.#.# #.#
..##...####.#######
#..................
#.#.....).......#


There were no monsters in sight!

Vanquished Creatures
  The ghost of smoot the Chopper, an amateur HOFi (D:3)
  An adder (D:2)
  An ooze (D:2)
  A worm (D:2)
  2 dart slugs (D:1)
  2 giant geckos (D:2)
  7 bats
  5 giant cockroaches
  10 hobgoblins
  A giant newt (D:1)
  8 goblins
  3 kobolds
  4 rats
46 creatures vanquished.

Notes
Turn   | Place    | Note
--------------------------------------------------------------
     0 | D:1      | turokix the Demonspawn Berserker began the quest for the Orb.
     0 | D:1      | Reached XP level 1. HP: 18/18 MP: 1/1
   129 | D:1      | Gained mutation: You are partially covered in iridescent scales (AC +4). [demonic ancestry]
   129 | D:1      | Reached XP level 2. HP: 10/24 MP: 2/2
   483 | D:1      | Gained mutation: You regenerate a little health from kills. [demonic ancestry]
   483 | D:1      | Reached XP level 3. HP: 22/29 MP: 3/3
   585 | D:2      | Reached ** piety under Trog
   768 | D:2      | Found a sparkling altar of Nemelex Xobeh.
  1014 | D:2      | Reached XP level 4. HP: 32/35 MP: 4/4
  1059 | D:3      | Found a sacrificial altar of Ru.
  1059 | D:3      | Noticed smoot's ghost (amateur HOFi)
  1074 | D:3      | Killed smoot's ghost
  1074 | D:3      | Gained mutation: You are slightly more attuned to the shadows. [demonic ancestry]
  1074 | D:3      | Reached XP level 5. HP: 38/42 MP: 5/5
  1079 | D:3      | Quit the game

Skill      XL: |  1  2 |
---------------+-------+-----
Armour         | 2 |  2.6
Dodging        | 2 |  2.9
Maces & Flails | 3 |  3.8
Fighting       | |  3.7

Action                   |  1- 3 |  4- 6 || total
-------------------------+-------+-------++-------
Melee: Mace              |   136 |    19 ||   155
Invok: Berserk           |       |     1 ||     1
  Use: Scroll            |     4 |       ||     4
 Stab: Sleeping          |     4 |       ||     4
  Eat: Chunk             |     1 |       ||     1
Armor: Animal skin       |     8 |       ||     8
       Ring mail         |    53 |     5 ||    58
Dodge: Dodged            |   100 |    10 ||   110
